 Dungeon Crawl Stone Soup version 0.17-a0-1545-gc1bb672 (webtiles) character file.

19021 Chiseanne the Lord of Darkness (level 12, -15/93 HPs)
             Began as a Demonspawn Wanderer on July 18, 2015.
             Was the Champion of Kikubaaqudgha.
             Demolished by a minotaur
             ... wielding the +5 mace "Emed" {holy, +Inv rN+ MR+ Int-3}
              (24 damage)
             ... in a labyrinth.
             The game lasted 01:33:00 (20685 turns).

Chiseanne the Lord of Darkness (DsWn)              Turns: 20685, Time: 01:33:00

Health: -15/93     AC: 14    Str: 16    XL:     12   Next: 32%
Magic:  9/26       EV: 25    Int: 26    God:    Kikubaaqudgha [******]
Gold:   1919       SH:  0    Dex: 23    Spells: 10 memorised, 2 levels left

rFire  . . .     SeeInvis +     a - +6 flail (pain)
rCold  + . .     Clarity  .     C - +2 robe {rC+}
rNeg   . . .     SustAt   .     (no shield)
rPois  +         Gourm    .     (helmet unavailable)
rElec  .         Spirit   .     d - +2 cloak
rCorr  .         Warding  .     p - +1 pair of gloves
rMut   +         Stasis   .     i - +2 pair of boots of Houn {Int+6 Dex+4}
MR     .....                    f - amulet of resist mutation
Stlth  +++++++...               G - ring of poison resistance
                                j - +6 ring of strength

@: agile, repel missiles, not resistant to hostile enchantments, extremely
stealthy
A: antennae 3, slimy green scales 1, nightstalker 2, powered by death 2
a: Receive Corpses, Torment, Renounce Religion


You were in a labyrinth.
You worshipped Kikubaaqudgha.
Kikubaaqudgha was exalted by your worship.
You were very hungry.

You visited 2 branches of the dungeon, and saw 17 of its levels.
You also visited: Labyrinth and Bailey.

You collected 2183 gold pieces.
You spent 264 gold pieces at shops.

Inventory:

Hand weapons
 a - a +6 flail of pain (weapon)
 s - a +1 flail of protection
 w - a +0 blowgun
Missiles
 B - 110 poisoned needles
 S - 2 throwing nets (quivered)
Armour
 d - a +2 cloak (worn)
 i - the +2 pair of boots of Houn (worn) {Int+6 Dex+4}
   (You acquired it on level 11 of the Dungeon)

   It affects your intelligence (+6).
   It affects your dexterity (+4).
 p - a +1 pair of gloves (worn)
 C - a +2 robe of cold resistance (worn)
 R - the +3 leather armour of Valour {rElec}
   (You bought it in a shop on level 7 of the Dungeon)

   It insulates you from electricity.
 X - the +7 chain mail "Venk" {-Cast MP+9 Str+5}
   (You found it on level 8 of the Dungeon)

   It affects your strength (+5).
   It affects your magic capacity (+9).
   It prevents spellcasting.
Rods
 y - a +1 rod of destruction (2/14)
   (You found it on level 7 of the Dungeon)
Jewellery
 f - an amulet of resist mutation (around neck)
 j - a +6 ring of strength (left hand)
 l - the ring "Siwkuloo" {Ice rN++ MR- Str+7}
   (You found it on level 11 of the Dungeon)

   [ring of ice]

   It enhances your ice magic, and weakens your fire magic.
   It affects your strength (+7).
   It makes you vulnerable to fire.
   It protects you from cold.
   It greatly protects you from negative energy.
   It affects your resistance to hostile enchantments.
 m - an uncursed ring of positive energy
 G - a ring of poison resistance (right hand)
 Z - a +3 ring of intelligence
Magical devices
 e - a wand of enslavement (11)
 A - a wand of teleportation (0)
 L - a wand of fire (4)
Scrolls
 h - 10 scrolls of remove curse
 N - 6 scrolls of teleportation
 Q - 3 scrolls of immolation
Potions
 g - 2 potions of brilliance
 k - 5 potions of heal wounds
 o - 2 potions of mutation
 x - a potion of berserk rage {unknown}
 E - a potion of resistance
 J - a potion of agility
 K - a potion of flight {unknown}
 M - a potion of ambrosia {unknown}
 T - a potion of cancellation
 V - a potion of experience {unknown}
 W - 4 potions of curing
Books
 b - the Disquisition on Black Rites

   Spells                             Type                      Level
   a - Pain                           Necromancy                   1
   b - Vampiric Draining              Necromancy                   3
 t - Kikubaaqudgha's Collected Works on Black Magic {god gift}
   (Kikubaaqudgha gifted it to you on level 4 of the Dungeon)

   Spells                             Type                      Level
   a - Animate Skeleton               Necromancy                   1
   b - Corpse Rot                     Necromancy                   2
   c - Sublimation of Blood           Necromancy                   2
   d - Vampiric Draining              Necromancy                   3
   e - Control Undead                 Necromancy                   4
 v - the Handbook of Confrontation and Snow
   (You found it on level 2 of the Orcish Mines)

   Spells                             Type                      Level
   a - Searing Ray                    Conjuration                  2
   b - Static Discharge               Conjuration/Air              3
   c - Summon Ice Beast               Ice/Summoning                4
   d - Venom Bolt                     Conjuration/Poison           5
   e - Ozocubu's Refrigeration        Ice                          6
 z - a book of Ice

   Spells                             Type                      Level
   a - Ice Form                       Ice/Transmutation            4
   b - Metabolic Englaciation         Hexes/Ice                    5
   c - Ozocubu's Refrigeration        Ice                          6
   d - Bolt of Cold                   Conjuration/Ice              6
   e - Freezing Cloud                 Conjuration/Ice/Air          6
   f - Simulacrum                     Ice/Necromancy               6
 D - a book of Minor Magic

   Spells                             Type                      Level
   a - Magic Dart                     Conjuration                  1
   b - Blink                          Translocation                2
   c - Call Imp                       Summoning                    2
   d - Repel Missiles                 Charms/Air                   2
   e - Slow                           Hexes                        2
   f - Conjure Flame                  Conjuration/Fire             3
   g - Mephitic Cloud                 Conjuration/Poison/Air       3
 F - a book of Dreams

   Spells                             Type                      Level
   a - Ensorcelled Hibernation        Hexes/Ice                    2
   b - Phase Shift                    Translocation                5
   c - Shadow Creatures               Summoning                    5
   d - Silence                        Hexes/Air                    5
   e - Mass Confusion                 Hexes                        6
   f - Darkness                       Hexes                        7
 I - a Fen Folio

   Spells                             Type                      Level
   a - Corpse Rot                     Necromancy                   2
   b - Stone Arrow                    Conjuration/Earth            3
   c - Leda's Liquefaction            Hexes/Earth                  4
   d - Summon Forest                  Summoning/Translocation      5
   e - Hydra Form                     Transmutation                6
   f - Summon Hydra                   Summoning                    7
 O - a book of Conjurations

   Spells                             Type                      Level
   a - Magic Dart                     Conjuration                  1
   b - Searing Ray                    Conjuration                  2
   c - Dazzling Spray                 Conjuration/Hexes            3
   d - Fulminant Prism                Conjuration/Hexes            4
   e - Iskenderun's Mystic Blast      Conjuration                  4
   f - Iskenderun's Battlesphere      Conjuration/Charms           5
 P - Kikubaaqudgha's Disquisition on Necromancy {god gift}
   (Kikubaaqudgha gifted it to you on level 6 of the Dungeon)

   Spells                             Type                      Level
   a - Animate Dead                   Necromancy                   4
   b - Excruciating Wounds            Charms/Necromancy            5
   c - Agony                          Necromancy                   5
   d - Dispel Undead                  Necromancy                   5
   e - Simulacrum                     Ice/Necromancy               6
 Y - a book of Air

   Spells                             Type                      Level
   a - Shock                          Conjuration/Air              1
   b - Swiftness                      Charms/Air                   2
   c - Repel Missiles                 Charms/Air                   2
   d - Static Discharge               Conjuration/Air              3
   e - Lightning Bolt                 Conjuration/Air              5
Comestibles
 r - 6 meat rations
 H - a slice of pizza
 U - a bread ration


   Skills:
 + Level 8.2 Fighting
 - Level 1.0 Armour
 + Level 7.6 Dodging
 + Level 7.4 Stealth
 * Level 10.2 Spellcasting
 - Level 1.7 Charms
 * Level 11.8 Necromancy
   Level 1.0 Fire Magic
 - Level 1.0 Evocations


You had 2 spell levels left.
You knew the following spells:

 Your Spells              Type           Power        Failure   Level  Hunger
a - Pain                  Necr           ####         1%          1    None
b - Agony                 Necr           ######..     1%          5    ####...
c - Vampiric Draining     Necr           ######....   1%          3    None
d - Animate Skeleton      Necr           N/A          1%          1    None
e - Animate Dead          Necr           N/A          1%          4    None
f - Control Undead        Necr           ######....   1%          4    None
g - Dispel Undead         Necr           ######..     1%          5    ####...
h - Corpse Rot            Necr           N/A          1%          2    None
i - Repel Missiles        Chrm/Air       ###...       6%          2    None
j - Swiftness             Chrm/Air       ###.....     6%          2    None


Dungeon Overview and Level Annotations

Branches:
Dungeon (13/15)            Temple (0/1) D:5            Lair (0/8) D:10
    Orc (4/4) D:9
    Elf: Orc:3-4     Vaults: D:13-14

Altars:
Cheibriados
Gozag
Kikubaaqudgha
Nemelex Xobeh
Qazlal
Sif Muna
Trog
Xom
Beogh

Shops:
D:7 [

Portals:
Trove: D:10 (give 12 scrolls of teleportation)

Annotations:
D:2 Sigmund
D:3 Fusha's ghost, average OgBe
D:4 Duvessa
D:6 kaze's ghost, experienced MfFi


Innate Abilities, Weirdness & Mutations

You have a pair of large antennae on your head (SInv).
You are partially covered in slimy green scales (AC +2).
You are significantly more attuned to the shadows.
You regenerate health from kills.


Message History

Casting: Vampiric Draining
Confirm with . or Enter, or press ? or * to list all spells.
Aiming: Vampiric Draining
Press: ? - help, Shift-Dir - straight line, f/p - minotaur
Aim: a minotaur, wielding a brightly glowing mace {holy} and wearing a scintillating glass ring (severely wounded, poisoned) Nothing appears to happen.
The minotaur hits you with a brightly glowing mace {holy}!
* * * LOW HITPOINT WARNING * * *
You convulse.
* * * LOW HITPOINT WARNING * * *
The minotaur closely misses you.
Casting: Vampiric Draining
Confirm with . or Enter, or press ? or * to list all spells.
Aiming: Vampiric Draining
Press: ? - help, Shift-Dir - straight line, f/p - minotaur
Aim: a minotaur, wielding a brightly glowing mace {holy} and wearing a scintillating glass ring (severely wounded, poisoned) Nothing appears to happen.
The minotaur hits you with a brightly glowing mace {holy}!!
You die...
Kikubaaqudgha rasps: "You have failed me!
Welcome... death!"

#...# #.#.### .
#.#.# .# # .
##.#.## ####..#
.#. . # #.....
#. # #.#.
##..### .# # #
.....#.# ≈ ##
########.#.#.≈≈
. #..@H(.<≈ #
#..#.#(≈≈
#....#.# ≈ . #
. #.##.### #.
.. ... . . ##
.## ≈≈ . ≈


You could see a minotaur.

Vanquished Creatures
  Fannar (Orc:2)
  An orc high priest (Orc:1)
  2 unseen horrors (D:10)
  4 hill giants
  A necromancer (D:9)
  Pikel (D:6)
  An ugly thing (D:10)
  An eye of devastation (shapeshifter) (D:12)
  A guardian mummy (D:10)
  2 trolls
  13 yaks (D:11)
  A shadow (D:12)
  A wyvern (D:9)
  A water elemental (D:11)
  Eustachio (D:5)
  2 deep elf magi
  A vampire mosquito (D:12)
  A hungry ghost (D:10)
  2 wolves (D:11)
  A warg (Orc:1)
  Edmund (D:7)
  18 orc warriors
  A wasp (D:10)
  3 black bears
  A necrophage (D:9)
  2 phantoms (D:10)
  A sky beast (D:8)
  A swamp drake (Orc:1)
  A slave (D:5)
  6 ogres
  2 ice beasts (D:9)
  3 centaurs
  Blork the orc (D:4)
  3 big kobolds
  4 giant frogs
  3 scorpions
  5 killer bees (D:8)
  5 crimson imps
  4 electric eels
  2 giant frog zombies
  2 centaur zombies
  2 jellies
  An iron imp (Orc:1)
  2 centaur skeletons
  25 orc wizards
  7 hounds
  19 orc priests
  Ijyb (D:3)
  4 worker ants
  4 iguanas
  2 polar bear simulacra (D:9)
  2 wolf simulacra (D:9)
  A wasp simulacrum (D:11)
  2 yak simulacra (D:9)
  A worker ant zombie (D:11)
  12 adders
  A shadow imp (Orc:1)
  2 white imps
  An ufetubus (D:11)
  An ooze (D:4)
  3 adder skeletons
  5 worms
  4 giant geckos (D:3)
  112 orcs
  2 ball pythons
  12 bats
  5 giant cockroaches
  19 hobgoblins
  10 jackals
  26 kobolds
  8 quokkas
  A giant gecko skeleton (D:7)
  2 giant newts
  18 goblins
  2 jackal zombies
  11 rats
  A river rat simulacrum (D:9)
439 creatures vanquished.

Vanquished Creatures (collateral kills)
  Harold (Orc:1)
  An ugly thing (D:11)
  A troll (D:11)
  6 yaks (D:11)
  A vampire mosquito (D:12)
  2 orc warriors
  An ogre (D:11)
  A big kobold (D:11)
  Dowan (D:4)
  2 electric eels (D:11)
  A crimson imp (D:8)
  4 orc wizards
  A jelly (D:6)
  3 orc priests
  A hound (D:11)
  A polar bear simulacrum (D:9)
  2 yak simulacra (D:9)
  An iguana (D:11)
  2 adders
  A white imp (D:11)
  An ufetubus (D:11)
  35 orcs
  A bat zombie (D:9)
  A goblin (Orc:2)
  A hobgoblin (D:11)
  A jackal (D:8)
  A quokka (D:4)
  A bat (D:9)
  A giant gecko zombie (D:5)
  4 kobolds (D:11)
  A river rat simulacrum (D:9)
82 creatures vanquished.

Vanquished Creatures (others)
  A deep elf mage (Orc:1)
  An orc wizard (Orc:1)
  An ufetubus (D:11)
  3 orcs
  A plant (D:4)
7 creatures vanquished.

Grand Total: 528 creatures vanquished

Notes
Turn   | Place    | Note
--------------------------------------------------------------
     0 | D:1      | Chiseanne the Demonspawn Wanderer began the quest for the Orb.
     0 | D:1      | Chiseanne set off with: a +2 spear, the Disquisition on Black Rites, a wand of random effects (15), a +0 robe, a bread ration
     0 | D:1      | Reached XP level 1. HP: 16/16 MP: 3/3
     0 | D:1      | Identified the Disquisition on Black Rites
     2 | D:1      | Learned a level 1 spell: Pain
    93 | D:1      | Reached skill level 1 in Dodging
   374 | D:1      | Gained mutation: You are partially covered in slimy green scales (AC +2). [demonic ancestry]
   374 | D:1      | Reached XP level 2. HP: 20/22 MP: 0/5
   874 | D:1      | You fall through a shaft!
   879 | D:2      | Found a faded altar to an unknown god.
   881 | D:2      | Noticed Sigmund
   912 | D:2      | Found a shimmering altar of Xom.
  1015 | D:2      | Reached skill level 1 in Necromancy
  1015 | D:2      | Gained mutation: You have a pair of small antennae on your head. [demonic ancestry]
  1015 | D:2      | Reached XP level 3. HP: 12/27 MP: 0/6
  1829 | D:2      | Found an ancient bone altar of Kikubaaqudgha.
  1832 | D:2      | Became a worshipper of Kikubaaqudgha
  2403 | D:3      | Learned a level 3 spell: Vampiric Draining
  2511 | D:3      | Gained mutation: You are slightly more attuned to the shadows. [demonic ancestry]
  2511 | D:3      | Reached XP level 4. HP: 34/34 MP: 7/7
  2736 | D:3      | Noticed Ijyb
  2751 | D:3      | Killed Ijyb
  2967 | D:3      | Noticed Fusha's ghost (average OgBe)
  3117 | D:4      | Acquired Kikubaaqudgha's first power
  3117 | D:4      | Received a gift from Kikubaaqudgha
  3118 | D:4      | Identified Kikubaaqudgha's Collected Works on Black Magic {god gift} (Kikubaaqudgha gifted it to you on level 4 of the Dungeon)
  3129 | D:4      | Learned a level 1 spell: Animate Skeleton
  3157 | D:4      | Noticed Dowan
  3476 | D:4      | Gained mutation: You have a pair of antennae on your head. [demonic ancestry]
  3476 | D:4      | Reached XP level 5. HP: 23/40 MP: 0/9
  3863 | D:4      | Noticed Blork the orc
  3876 | D:4      | Killed Blork the orc
  3876 | D:4      | Reached skill level 3 in Fighting
  4145 | D:4      | Noticed an ogre
  4155 | D:4      | Killed an ogre
  4155 | D:4      | Gained mutation: You are significantly more attuned to the shadows. [demonic ancestry]
  4155 | D:4      | Reached XP level 6. HP: 35/47 MP: 3/10
  4782 | D:4      | Noticed Duvessa
  4815 | D:4      | Killed Dowan
  4853 | D:4      | Your ally Dowan died
  5396 | D:5      | Entered Level 5 of the Dungeon
  5456 | D:5      | Found a bloodstained altar of Trog.
  5465 | D:5      | Learned a level 4 spell: Control Undead
  5591 | D:5      | Found a deep blue altar of Sif Muna.
  5906 | D:5      | Reached skill level 4 in Necromancy
  5979 | D:5      | Gained mutation: You have a pair of large antennae on your head (SInv). [demonic ancestry]
  5979 | D:5      | Reached XP level 7. HP: 49/52 MP: 12/12
  5991 | D:5      | Found a staircase to the Ecumenical Temple.
  6242 | D:5      | Noticed Eustachio
  6586 | D:5      | Acquired Kikubaaqudgha's second power
  6997 | D:6      | Noticed Pikel
  7181 | D:6      | Found a snail-covered altar of Cheibriados.
  7629 | D:6      | Noticed kaze's ghost (experienced MfFi)
  7729 | D:6      | Found a sparkling altar of Nemelex Xobeh.
  7766 | D:6      | Noticed Edmund
  7889 | D:6      | Reached skill level 5 in Necromancy
  8393 | D:7      | Identified a +0 rod of destruction (12/12) (You found it on level 7 of the Dungeon)
  8447 | D:7      | Found an opulent altar of Gozag.
  8597 | D:7      | Found a stormy altar of Qazlal.
  8626 | D:7      | Found Juda's Antique Armour Emporium.
  8661 | D:7      | Gained mutation: You regenerate a little health from kills. [demonic ancestry]
  8661 | D:7      | Reached XP level 8. HP: 43/60 MP: 8/14
  8690 | D:7      | Bought a slimy leather armour for 161 gold pieces
  8690 | D:7      | Bought a pair of runed boots for 103 gold pieces
  8706 | D:7      | Identified the +3 leather armour of Valour {rElec} (You bought it in a shop on level 7 of the Dungeon)
  8856 | D:7      | Killed Edmund
  8966 | D:6      | Reached skill level 5 in Spellcasting
  9130 | D:6      | Received a gift from Kikubaaqudgha
  9131 | D:6      | Identified Kikubaaqudgha's Disquisition on Necromancy {god gift} (Kikubaaqudgha gifted it to you on level 6 of the Dungeon)
  9137 | D:6      | Reached skill level 6 in Necromancy
  9324 | D:6      | Killed Pikel
  9324 | D:6      | Reached skill level 5 in Fighting
  9324 | D:6      | Reached XP level 9. HP: 54/68 MP: 17/17
  9696 | D:5      | Killed Eustachio
  9817 | D:5      | Your ally Eustachio died
 10081 | D:7      | Your ally Edmund died
 10100 | D:8      | Found a flagged portal.
 10107 | D:8      | Reached skill level 7 in Necromancy
 10134 | Bailey   | Entered a bailey
 10522 | Bailey   | Noticed an orc knight
 10522 | Bailey   | Noticed an orc knight
 10725 | D:8      | Got a shimmering chain mail
 11013 | D:8      | Acquired Kikubaaqudgha's third power
 11110 | D:8      | Reached skill level 5 in Dodging
 11605 | D:8      | Found an ancient bone altar of Kikubaaqudgha.
 11729 | D:9      | Reached skill level 8 in Necromancy
 11751 | D:9      | Reached skill level 5 in Stealth
 11905 | D:9      | Reached XP level 10. HP: 73/76 MP: 17/20
 11994 | D:9      | Learned a level 4 spell: Animate Dead
 12000 | D:9      | Learned a level 5 spell: Agony
 12006 | D:9      | Learned a level 5 spell: Dispel Undead
 12084 | D:9      | Noticed a necromancer
 12109 | D:9      | Killed a necromancer
 12292 | D:9      | Identified the +7 chain mail "Venk" {-Cast MP+9 Str+5} (You found it on level 8 of the Dungeon)
 12879 | D:9      | Found a staircase to the Orcish Mines.
 12888 | D:9      | Found a roughly hewn altar of Beogh.
 13167 | D:10     | Entered Level 10 of the Dungeon
 13285 | D:10     | Reached skill level 9 in Necromancy
 13452 | D:10     | Noticed a hill giant
 13463 | D:10     | Killed a hill giant
 13586 | D:10     | Found a staircase to the Lair.
 13587 | D:10     | Noticed a hill giant
 13608 | D:10     | Killed a hill giant
 14051 | D:10     | Noticed an unseen horror
 14061 | D:10     | Killed an unseen horror
 14149 | D:10     | Gained mutation: You regenerate health from kills. [demonic ancestry]
 14149 | D:10     | Reached XP level 11. HP: 21/84 MP: 13/23
 14392 | D:10     | Noticed a white ugly thing
 14407 | D:10     | Killed a white ugly thing
 14691 | D:10     | Noticed an unseen horror
 14752 | D:10     | Killed an unseen horror
 14752 | D:10     | Reached skill level 10 in Necromancy
 14836 | D:10     | Learned a level 2 spell: Corpse Rot
 15059 | D:10     | Found a portal to a secret trove of treasure.
 15135 | D:11     | Noticed a hill giant
 15140 | D:11     | Killed a hill giant
 15163 | D:11     | Acquired Kikubaaqudgha's fourth power
 16084 | D:11     | Got a glittering platinum ring
 16086 | D:11     | Identified the ring "Siwkuloo" {Ice rN++ MR- Str+7} (You found it on level 11 of the Dungeon)
 16278 | D:11     | Noticed a hill giant
 16285 | D:11     | Killed a hill giant
 16739 | D:11     | You fall through a shaft for 2 floors!
 16760 | D:13     | Reached skill level 11 in Necromancy
 17148 | D:12     | Noticed a fire crab
 17148 | D:12     | a hornet changed into a fire crab
 17152 | D:12     | a fire crab changed into a wind drake
 17317 | D:11     | Identified a scroll of acquirement
 17318 | D:11     | Got a pair of warped boots
 17534 | D:11     | Identified the +2 pair of boots of Houn {Int+6 Dex+4} (You acquired it on level 11 of the Dungeon)
 17538 | D:11     | Learned a level 2 spell: Repel Missiles
 17542 | D:11     | Learned a level 2 spell: Swiftness
 17624 | Orc:1    | Entered Level 1 of the Orcish Mines
 17688 | Orc:1    | Noticed Harold
 17701 | Orc:1    | Killed Harold
 17701 | Orc:1    | Reached XP level 12. HP: 67/92 MP: 8/25
 17880 | Orc:1    | Your ally Harold died
 18459 | Orc:1    | Reached skill level 10 in Spellcasting
 19109 | Orc:2    | Noticed Fannar
 19133 | Orc:2    | Killed Fannar
 19204 | Orc:2    | Identified the Handbook of Confrontation and Snow
 19306 | Orc:2    | Your ally Fannar died
 20297 | Orc:4    | Entered Level 4 of the Orcish Mines
 20310 | Orc:4    | Found a labyrinth entrance.
 20315 | Lab      | Entered a labyrinth
 20668 | Lab      | Noticed a minotaur
 20685 | Lab      | Identified the +5 mace "Emed" {holy, +Inv rN+ MR+ Int-3}
 20685 | Lab      | Demolished by a minotaur

Vault maps used:
D:1:      ncdulo_watergridlock, nrook_mini_backslash, kennysheep_flooded_box
D:2:      lemuel_doored_altar, lemuel_round_altar, ecumenical_altar_2,
          uniq_jessica, uniq_sigmund, uniq_crazy_yiuf_cottage
D:3:      uniq_iyjb
D:4:      serial_bayou, serial_bayou_pond_e, serial_bayou_pond_a,
          serial_bayou_lagoon_a, serial_bayou_crossing, serial_bayou_ford_a,
          uniq_blork_the_orc, uniq_duvessa
D:5:      kennysheep_little_box, minmay_temple_entry_nine_rooms, first_bread,
          trog_three_pillars_becter, uniq_eustachio
D:6:      nemelex_deck, kennysheep_cluttered_room, hangedman_decor_slide_cut,
          minmay_crystal_water, cheibriados_altar_1, uniq_edmund, uniq_pikel
D:7:      grunt_gozag_statues, grunt_qazlal_sundering, serial_shops, shop
D:8:      basic_altar, enter_bailey_2
D:9:      minmay_orc_entry_temple_small, eino_house_with_fridge
D:10:     lair_0_dummy, nicolae_trove_entry_path_of_doom
D:11:     serial_ice, serial_ice_f, serial_ice_o, serial_ice_h, serial_ice_a
D:13:     minmay_nested_s
Orc:1:    minmay_goldmine, hangedman_minor_magic, uniq_harold
Orc:2:    library_closet, uniq_fannar
Orc:3:    nicolae_orc_pool_cavern, nicolae_orc_flooded_monolith
Orc:4:    st_orc_rangers, lab_entry_generic, mines5_lemuel
Lab:      labyrinth_watery, nicolae_lab_flowing_pool, nicolae_lab_x,
          nicolae_lab_starburst, nicolae_lab_stuck, nicolae_lab_grate_2
Bailey:   bailey_polearm_5, bailey

Action                   |  1- 3 |  4- 6 |  7- 9 | 10-12 || total
-------------------------+-------+-------+-------+-------++-------
Melee: Spear             |   109 |   243 |    71 |       ||   423
       Dagger            |       |       |   108 |       ||   108
       Flail             |       |       |   189 |   550 ||   739
 Fire: Blowgun           |       |       |       |     8 ||     8
Throw: Throwing net      |       |       |       |     1 ||     1
 Cast: Pain              |    21 |    59 |   117 |    70 ||   267
       Animate Skeleton  |       |    14 |    59 |    64 ||   137
       Vampiric Draining |       |     4 |    42 |    53 ||    99
       Control Undead    |       |       |     1 |     1 ||     2
       Dispel Undead     |       |       |       |    24 ||    24
       Agony             |       |       |       |    40 ||    40
       Animate Dead      |       |       |       |    33 ||    33
       Repel Missiles    |       |       |       |     1 ||     1
Invok: Receive Corpses   |       |       |       |     5 ||     5
Evoke: Wand              |       |     1 |     9 |     7 ||    17
       Rod               |       |       |     6 |     3 ||     9
  Use: Scroll            |     6 |     8 |     9 |    13 ||    36
       Potion            |     2 |     5 |     4 |     2 ||    13
 Stab: Sleeping          |     2 |    12 |    14 |    24 ||    52
       Distracted        |       |       |     2 |     5 ||     7
  Eat: Chunk             |     5 |     9 |    16 |    33 ||    63
       Fruit             |     1 |     2 |     4 |       ||     7
       Bread ration      |       |       |     1 |       ||     1
       Beef jerky        |       |       |       |     3 ||     3
       Royal jelly       |       |       |       |     1 ||     1
       Pizza             |       |       |       |     3 ||     3
